 Dungeon Crawl Stone Soup version 0.31-a0-150-g89dc3ad700 (webtiles) character file.

Game seed: 712660990196407457

159 qw the Shooter (level 5, -4/46 HPs)
             Began as a Minotaur Hunter on June 8, 2023.
             Shot with a sling bullet by a goblin (5 damage)
             ... on level 3 of the Dungeon.
             The game lasted 00:00:37 (1775 turns).

qw the Shooter (Minotaur Hunter)                    Turns: 1775, Time: 00:00:38

Health: -4/46      AC:  5    Str: 16    XL:     5   Next: 17%
Magic:  4/4        EV: 11    Int:  6    God:
Gold:   116        SH:  0    Dex: 15    Spells: 4/4 levels left

rFire   . . .        Y - +0 shortbow
rCold   . . .        (shield currently unavailable)
rNeg    . . .        a - +0 ring mail
rPois   .            (helmet restricted)
rElec   .            (no cloak)
rCorr   .            (no gloves)
SInv    .            (no boots)
Will    .....        (no amulet) Stlth
                     (no ring)
HPRegen 0.27/turn    (no ring)
MPRegen 0.09/turn

%: no passive effects
@: confused
A: horns 2, retaliatory headbutt
a: no special abilities


You were on level 3 of the Dungeon.
You visited 1 branch of the dungeon, and saw 3 of its levels.

You collected 116 gold pieces.


Innate Abilities, Weirdness & Mutations

You have a pair of horns on your head.
You reflexively headbutt those who attack you in melee.


   Skills:
 - Level 4.2 Fighting
 + Level 6.0 Ranged Weapons
 - Level 1.8 Armour
 - Level 2.1 Dodging
 - Level 0.7 Stealth


You had 4 spell levels left.
You didn't know any spells.
Your spell library was empty.

Inventory:

Hand Weapons
 Y - a +0 shortbow (weapon)
Armour
 a - a +0 ring mail (worn)
Jewellery
 c - a ring of ice
Scrolls
 b - 2 scrolls of identify
Potions
 d - a potion of resistance
 e - a potion of haste {unknown}
 g - a potion of magic {unknown}
 h - 2 potions of curing {unknown}

Dungeon Overview and Level Annotations

Branches:
Dungeon (3/15)

Altars:
Nemelex Xobeh


Message History

The orc is heavily wounded.
The orc hits you with a +0 dagger.
You hear some strange, mumbled words.
You are confused.
A hobgoblin comes into view.
Something hits you. The orc hits you but does no damage.
The hobgoblin shouts!
You hear a shout!
The orc closely misses you.
You hear some strange, mumbled words.
A magic dart appears from out of thin air!
The magic dart hits you! The orc hits you but does no damage.
Something hits you but does no damage. The orc barely misses you.
Something hits you. The orc hits you but does no damage.
You hear some strange, mumbled words.
You are more confused.
The orc barely misses you. Something hits you. The orc barely misses you.
Something hits you but does no damage. The hobgoblin barely misses you.
A goblin comes into view. It is wielding a +0 dagger.
The orc hits you but does no damage.
You hear some strange, mumbled words.
A magic dart appears from out of thin air!
The magic dart hits you.
The hobgoblin hits you but does no damage.
The orc hits you with a +0 dagger.
You hear some strange, mumbled words.
You are more confused.
The orc hits you with a +0 dagger.
The goblin unwields a +0 dagger.
The goblin wields a +0 sling.
The goblin shoots a sling bullet.
The sling bullet misses you.
You hear some strange, mumbled words.
A magic dart appears from out of thin air!
The magic dart hits you. The hobgoblin hits you.
The orc hits you but does no damage. Something hits you.
The goblin shoots a sling bullet.
The sling bullet hits you.
The hobgoblin hits you but does no damage.
The orc completely misses you. Something hits you but does no damage.
The goblin shoots a sling bullet.
The sling bullet hits you.
You die...

#.######...##^..##..##
#.. #.#
####..##.._..##..###..
#.#
#....##.....^.##......
#.#
#...##^....^...##.##..
###...#...#####.^.#.##..
......##.'#.#.#'.##.##..
#......###..#..###..####
#.....o....###......#
.g..).)@+...........#
......{g##..###...###
............####....####
.##.##'###..##.........#
# #. ...##.......#.. ##
...##.......###
.<##.......# # #######.#
........#


You could see an orc, a hobgoblin and a goblin.

Vanquished Creatures
  2 orc priests
  An orc wizard (D:3)
  3 adders (D:2)
  A worm (D:2)
  A dart slug (D:1)
  7 orcs
  3 endoplasms
  2 giant cockroaches
  2 goblins
  2 hobgoblins
  2 quokkas (D:1)
  A ball python (D:1)
  3 bats
  2 frilled lizards
  4 kobolds
  4 rats
40 creatures vanquished.

Notes
Turn   | Place    | Note
-------+----------+-------------------------------------------
     0 | D:1      | qw the Minotaur Hunter began the quest for the Orb.
     0 | D:1      | Reached XP level 1. HP: 18/18 MP: 0/0
     0 | D:1      | 0 ||| qw: Version: 0.2-a-119-g7aa9181
     0 | D:1      | 0 ||| qw: Game counter: 2821
     0 | D:1      | 0 ||| qw: Always use a shield: true
     0 | D:1      | 0 ||| qw: God list: Okawaru
     0 | D:1      | 0 ||| qw: Allow faded altars: false
     0 | D:1      | 0 ||| qw: Do Orc after D:15 true
     0 | D:1      | 0 ||| qw: Do second Lair branch before Depths: true
     0 | D:1      | 0 ||| qw: Lair rune preference: random
     0 | D:1      | 0 ||| qw: Plans: Normal
     0 | D:1      | 0 ||| PLANNING D:1-11
   343 | D:1      | Reached XP level 2. HP: 18/25 MP: 1/1
   517 | D:1      | Reached skill level 5 in Ranged Weapons
   695 | D:1      | 695 ||| READING scroll labelled BURETZ BEZECH.
   696 | D:1      | 696 ||| DRINKING 2 red potions.
   697 | D:1      | 697 ||| DRINKING 2 coppery potions.
   698 | D:1      | 698 ||| DROPPING scroll of butterflies.
   699 | D:1      | 699 ||| DROPPING potion of brilliance.
   777 | D:2      | Reached skill level 3 in Fighting
   828 | D:2      | Reached XP level 3. HP: 23/31 MP: 2/2
   921 | D:2      | Reached XP level 4. HP: 38/38 MP: 3/3
  1007 | D:2      | Reached skill level 6 in Ranged Weapons
  1009 | D:2      | Found a faded altar of an unknown god.
  1337 | D:2      | 1337 ||| UPGRADING to +0 ring mail.
  1347 | D:2      | 1347 ||| DROPPING +0 leather armour.
  1348 | D:2      | 1348 ||| READING 2 scrolls labelled CEACWE HUONN.
  1349 | D:2      | 1349 ||| READING 2 scrolls labelled SUAKUS QEMEDUTZ.
  1350 | D:2      | 1350 ||| READING scroll labelled POUDGH IQEUMUSEGRI.
  1351 | D:2      | 1351 ||| DROPPING scroll of amnesia.
  1416 | D:3      | 1416 ||| Stepping ~*~*~tactically~*~*~ (outnumbered).
  1434 | D:3      | Reached skill level 1 in Armour
  1448 | D:3      | Reached XP level 5. HP: 19/46 MP: 4/4
  1740 | D:3      | Found a sparkling altar of Nemelex Xobeh.
  1773 | D:3      | HP: 11/46 [something/magic dart (5)]
  1774 | D:3      | HP: 1/46 [goblin/sling bullet (5)]
  1775 | D:3      | Shot with a sling bullet by a goblin

Levels and vault maps discovered:
D:1:      dpeg_arrival_arbitrary_c, layout_basic, minivault_27,
          serial_park_tiny_2
D:2:      layout_loops_ring, chequers_ecumenical_altar_island
D:3:      layout_basic, nemelex_spade_bored_becter, minmay_goblin_outpost

Skill      XL: |  1  2  3  4 |
---------------+-------------+-----
Ranged Weapons | 5 6 |  6.0
Fighting       | 3 4 |  4.2
Armour         | 1 |  1.8
Dodging        | |  2.1
Stealth        | |  0.7

Action                     |  1- 3 |  4- 6 || total
---------------------------+-------+-------++-------
   Fire: Shortbow          |    76 |    59 ||   135
    Use: Potion            |     2 |       ||     2
         Scroll            |     1 |     3 ||     4
 Armour: Leather armour    |     6 |     2 ||     8
         Ring mail         |       |    17 ||    17
  Dodge: Dodged            |    26 |    17 ||    43

Table legend:
 A = Non-vault XP
 B = Vault XP
 C = Vault XP percentage of total XP
 D = Non-vault monster count
 E = Vault monster count
 F = Vault count percentage of total count
                 A         B        C        D         E       F
            +---------+---------+-------+---------+---------+-------
      Total |     228 |       0 |   0.0 |      40 |       0 |   0.0
            +---------+---------+-------+---------+---------+-------
        D:1 |      20 |       0 |   0.0 |      11 |       0 |   0.0
        D:2 |     107 |       0 |   0.0 |      16 |       0 |   0.0
        D:3 |     101 |       0 |   0.0 |      13 |       0 |   0.0
            +---------+---------+-------+---------+---------+-------
